 Dungeon Crawl Stone Soup version 0.15.2 (webtiles) character file.

22170 glosham the Bludgeoner (level 12, -3/133 HPs)
             Began as an Ogre Healer on Mar 2, 2016.
             Was a High Priest of the Shining One.
             Slain by a minotaur zombie (11 damage)
             ... in a labyrinth.
             The game lasted 03:12:30 (10625 turns).

glosham the Bludgeoner (Ogre Healer)               Turns: 10625, Time: 03:12:31

HP  -3/133       AC  7     Str 27      XL: 12   Next: 97%
MP  18/18        EV 17     Int 11      God: the Shining One [*****.]
Gold 1002        SH  7     Dex 12      Spells:  0 memorised, 11 levels left

rFire  . . .     SeeInvis .     a - +3 giant spiked club (flame)
rCold  + . .     Clarity  .     X - +1 robe
rNeg   + + .     rCorr    .     (shield restricted)
rPois  .         rRot     .     (helmet restricted)
rElec  .         Spirit   .     Y - +2 cloak {+Inv}
SustAb .         Warding  .     (gloves unavailable)
rMut   .         Stasis   .     (boots unavailable)
Gourm  .                        z - amulet of Muydod {+Rage Str+3 Dex+3}
MR     +....                    B - ring of protection from cold
                                A - +4 ring of evasion

@: exhausted, divine shield, slowed, glowing, very slow, somewhat resistant to
hostile enchantments, very unstealthy
A: unfitting armour, mutation resistance 1, tough skin 1
a: Divine Shield, Cleansing Flame, Summon Divine Warrior, Renounce Religion,
Evoke Berserk Rage, Evoke Invisibility


You were in a labyrinth.
You worshipped the Shining One.
The Shining One was extremely pleased with you.
You were not hungry.

You visited 2 branches of the dungeon, and saw 15 of its levels.
You also visited: Labyrinth and Ossuary.

You collected 1002 gold pieces.

Inventory:

Hand weapons
 a - a +3 giant spiked club of flaming (weapon)
 b - a +0 flail of distortion {!w}
Missiles
 c - 12 tomahawks (quivered)
 d - 2 throwing nets
 y - 6 tomahawks of returning
 H - 4 needles of confusion
Armour
 X - a +1 robe (worn)
 Y - a +2 cloak of darkness (worn)
Magical devices
 g - a wand of digging (13)
 h - a wand of disintegration (13)
 i - a wand of slowing (1)
 j - a wand of enslavement (11)
Comestibles
 f - 13 meat rations
 C - 3 fruits
 D - a bread ration
 O - a beef jerky
Scrolls
 k - 2 scrolls of enchant armour
 l - 3 scrolls of blinking
 m - 2 scrolls of immolation
 n - 2 scrolls of fear
 o - 3 scrolls of remove curse
 q - 3 scrolls of recharging
 G - a scroll of teleportation
 I - a scroll of magic mapping
 J - 3 scrolls of identify
 M - a scroll of brand weapon
 N - a scroll of amnesia
Jewellery
 z - the amulet of Muydod (around neck) {+Rage Str+3 Dex+3}
   (You found it on level 4 of the Dungeon)

   [amulet of rage]

   It affects your strength (+3).
   It affects your dexterity (+3).
   It lets you go berserk.
 A - a +4 ring of evasion (left hand)
 B - a ring of protection from cold (right hand)
Potions
 e - a potion of magic
 p - a potion of brilliance
 r - 3 potions of heal wounds
 s - 8 potions of curing
 t - 2 potions of cancellation
 u - a potion of flight
 v - 2 potions of agility
 w - 2 potions of might
Books
 E - a book of Maledictions

   Spells                             Type                      Level
   Corona                             Hexes                        1
   Sure Blade                         Hexes/Charms                 2
   Ensorcelled Hibernation            Hexes/Ice                    2
   Confuse                            Hexes                        3
   Dazzling Spray                     Conjuration/Hexes            3
   Enslavement                        Hexes                        4
 F - a book of Geomancy

   Spells                             Type                      Level
   Sandblast                          Earth                        1
   Stoneskin                          Transmutation/Earth          2
   Passwall                           Transmutation/Earth          3
   Stone Arrow                        Conjuration/Earth            3
   Petrify                            Transmutation/Earth          4
   Lee's Rapid Deconstruction         Earth                        5


   Skills:
 + Level 12.5 Fighting
 * Level 20.2 Maces & Flails
 - Level 7.3 Dodging
 - Level 3.0 Invocations


You had 11 spell levels left.
You didn't know any spells.

Dungeon Overview and Level Annotations

Branches:
Dungeon (8/15)             Temple (0/1) D:6            Lair (7/8) D:8
  Snake (0/5) Lair:3
  Swamp: Lair:3-6    Shoals: Lair:3-6     Slime: Lair:6-8

Altars:
Ashenzari
Dithmenos
Fedhas
Qazlal
Trog
Zin
The Shining One


Innate Abilities, Weirdness & Mutations

You are too large for most types of armour.
You have tough skin (AC +1).
You are somewhat resistant to further mutation.


Message History

You fail to use your ability.
Use which ability? (? or * to list)
You fail to use your ability.
Use which ability? (? or * to list)
You fail to use your ability.
Use which ability? (? or * to list)
A red film seems to cover your vision as you go berserk!
You feel yourself moving faster!
You feel mighty! The minotaur hits you! The minotaur gores you!!
You bludgeon the minotaur!! You burn the minotaur!
The minotaur is heavily wounded.
The minotaur hits you.
* * * LOW HITPOINT WARNING * * *
The minotaur gores you.
* * * LOW HITPOINT WARNING * * *
You bludgeon the minotaur!! You burn the minotaur!
The minotaur is almost dead.
You crush the minotaur like a grape!!! You burn the minotaur.
You kill the minotaur!
There is an open door, spattered with blood here.
You feel a strong urge to attack something.
The door flies open with a bang!
A minotaur zombie comes into view.
You feel your anger subside.
You are no longer berserk.
You are exhausted.
You feel yourself slow down.
You bludgeon the minotaur zombie!! You burn the minotaur zombie.
The minotaur zombie closely misses you. x2
You puncture the minotaur zombie! You burn the minotaur zombie!
The minotaur zombie hits you!!
* * * LOW HITPOINT WARNING * * *
The minotaur zombie closely misses you.
You puncture the minotaur zombie! You burn the minotaur zombie.
You completely miss the minotaur zombie.
The minotaur zombie barely misses you.
The minotaur zombie gores you but does no damage.
You impale the minotaur zombie!! You burn the minotaur zombie.
The minotaur zombie hits you!
You die...

#.# ##. #.### #..
#... # . ####
##.###.###.#### .
#
...#.#.........#..
........ .####.
#.# ...▓▓▓▓'▓ ▓
▓....... .# .▓
▓..# .# .# ▓▓'▓▓▓
▓. # ... ▓@.<.▓
▓.# ..## ▓.Z⌠...▓
▓.. ... ▓▓▓...⌠+ .
## ▓.⌠..▓ . ▓▓+▓▓▓
▓.. .


You could see a minotaur zombie.

Vanquished Creatures
  A minotaur (Lab)
  3 hydras
  An unseen horror (Lab)
  Pikel (D:4)
  The ghost of glosham the Grappler, an experienced VSHe of Cheibriados (D:8)
  4 spiny frogs
  4 gargoyles (Lab)
  2 black mambas
  A feature mimic (Lair:4)
  A fire drake (Lair:2)
  5 komodo dragons
  Grinder (D:6)
  Prince Ribbit (D:6)
  A basilisk (Lair:3)
  A hill giant zombie (D:8)
  6 hippogriffs
  The ghost of namelastname112 the Insei, an average DrMo (D:3)
  24 yaks
  A mottled dragon (D:8)
  9 wolves (Lair:7)
  6 water moccasins
  A sky beast (D:3)
  9 porcupines
  A black bear (Lair:3)
  4 orc warriors
  A centaur (D:7)
  An ice beast (D:6)
  6 ogres
  2 boring beetles
  7 crocodiles
  9 giant frogs
  A scorpion (D:8)
  2 electric eels
  A hippogriff zombie (Ossuary)
  2 bog bodies (Ossuary)
  4 crimson imps
  2 quasits (D:7)
  A goliath beetle (D:7)
  8 hounds
  A gnoll shaman (D:8)
  4 orc priests
  4 giant frog zombies (Ossuary)
  8 iguanas
  Crazy Yiuf (D:2)
  A giant frog skeleton (D:4)
  10 orange rats (Lair:3)
  2 jellies
  9 orc wizards
  Natasha (thrice) (D:6)
  5 worker ants
  A killer bee zombie (Ossuary)
  2 ogre zombies (Ossuary)
  Ijyb (D:3)
  A sky beast zombie (Ossuary)
  An ogre skeleton (D:4)
  10 mummies (Ossuary)
  10 gnolls
  34 green rats
  17 adders
  A giant mite (D:5)
  A shadow imp (D:7)
  3 orc zombies (Ossuary)
  2 adder skeletons
  An adder zombie (Ossuary)
  An iguana zombie (Ossuary)
  36 orcs
  A ball python (D:5)
  13 bats
  A bat skeleton (D:5)
  A giant mite zombie (Ossuary)
  9 hobgoblins
  12 jackals
  12 kobolds
  9 quokkas
  5 giant cockroaches
  2 giant cockroach zombies (Ossuary)
  5 giant geckos
  12 giant newts
  7 goblins
  A goblin skeleton (D:4)
  A jackal zombie (Ossuary)
  A kobold skeleton (D:7)
  A kobold zombie (Ossuary)
  2 quokka zombies (Ossuary)
  23 rats
  2 rat zombies (Ossuary)
  3 fungi
430 creatures vanquished.

Vanquished Creatures (others)
  An orc (D:4)
  A fungus (Lair:2)
2 creatures vanquished.

Grand Total: 432 creatures vanquished

Notes
Turn   | Place    | Note
--------------------------------------------------------------
     0 | D:1      | glosham, the Ogre Healer, began the quest for the Orb.
     0 | D:1      | Reached XP level 1. HP: 19/19 MP: 2/2
    96 | D:1      | Reached skill level 2 in Fighting
   149 | D:1      | HP: 1/20 [kobold/whip (4)]
   153 | D:1      | Reached skill level 1 in Maces & Flails
   214 | D:1      | Reached XP level 2. HP: 16/28 MP: 3/3
   241 | D:1      | HP: 2/28 [hobgoblin/club (4)]
   308 | D:1      | Reached skill level 2 in Maces & Flails
   683 | D:1      | Reached skill level 3 in Maces & Flails
   742 | D:1      | Reached XP level 3. HP: 27/35 MP: 5/5
  1023 | D:2      | Noticed Crazy Yiuf
  1042 | D:2      | Killed Crazy Yiuf
  1042 | D:2      | Reached skill level 4 in Maces & Flails
  1288 | D:2      | Reached XP level 4. HP: 42/42 MP: 6/6
  1514 | D:3      | Noticed namelastname112's ghost (average DrMo)
  1549 | D:3      | HP: 4/42 [namelastname112's ghost (9)]
  1554 | D:3      | HP: 2/42 [namelastname112's ghost (11)]
  1559 | D:3      | Killed namelastname112's ghost
  1559 | D:3      | Reached skill level 4 in Fighting
  1559 | D:3      | Reached skill level 5 in Maces & Flails
  1559 | D:3      | Reached XP level 5. HP: 28/54 MP: 1/8
  1639 | D:3      | Found a glowing silver altar of Zin.
  1723 | D:3      | Found a shadowy altar of Dithmenos.
  1723 | D:3      | Found a glowing golden altar of the Shining One.
  1727 | D:3      | Fell from the grace of Elyvilon
  1727 | D:3      | Became a worshipper of the Shining One
  1768 | D:3      | Reached skill level 6 in Maces & Flails
  1815 | D:3      | Reached XP level 6. HP: 61/63 MP: 9/9
  1836 | D:3      | Noticed Ijyb
  1837 | D:3      | Noticed a sky beast
  1871 | D:3      | Killed Ijyb
  2103 | D:3      | HP: 5/65 [orc/flail (7)]
  2252 | D:3      | Found a shattered altar of Ashenzari.
  2595 | D:3      | Killed a sky beast
  2595 | D:3      | Reached skill level 5 in Fighting
  2595 | D:3      | Reached skill level 7 in Maces & Flails
  2747 | D:4      | Reached XP level 7. HP: 57/72 MP: 11/11
  2895 | D:4      | Acquired the Shining One's first power
  2974 | D:4      | Reached skill level 8 in Maces & Flails
  3075 | D:4      | Reached skill level 6 in Fighting
  3085 | D:4      | Got a brightly glowing sapphire amulet
  3171 | D:4      | Identified the amulet of Muydod {+Rage Str+3 Dex+3} (You found it on level 4 of the Dungeon)
  3187 | D:4      | Reached skill level 9 in Maces & Flails
  3217 | D:4      | Noticed Pikel
  3222 | D:4      | Killed Pikel
  3222 | D:4      | Reached skill level 11 in Maces & Flails
  3222 | D:4      | Reached XP level 8. HP: 63/83 MP: 12/12
  3388 | D:5      | Entered Level 5 of the Dungeon
  3405 | D:5      | Found a sand-covered staircase.
  3448 | Ossuary  | Entered an ossuary
  3525 | Ossuary  | Reached skill level 12 in Maces & Flails
  3551 | Ossuary  | Acquired the Shining One's second power
  3610 | Ossuary  | Reached XP level 9. HP: 86/89 MP: 14/14
  4014 | D:5      | Reached skill level 13 in Maces & Flails
  4633 | D:6      | Found a staircase to the Ecumenical Temple.
  4729 | D:6      | Reached skill level 14 in Maces & Flails
  4914 | D:6      | Noticed Prince Ribbit
  4916 | D:6      | Noticed Natasha
  4935 | D:6      | Killed Prince Ribbit
  4938 | D:6      | Killed Natasha
  5028 | D:6      | Noticed Grinder
  5036 | D:6      | Paralysed by Grinder for 4 turns
  5041 | D:6      | Killed Grinder
  5041 | D:6      | Reached skill level 15 in Maces & Flails
  5104 | D:6      | Noticed Natasha
  5108 | D:6      | Killed Natasha
  5208 | D:6      | Noticed Natasha
  5212 | D:6      | Killed Natasha
  5344 | D:6      | Found a stormy altar of Qazlal.
  5396 | D:6      | Gained mutation: You are somewhat resistant to further mutation. [potion of beneficial mutation]
  5411 | D:7      | Reached XP level 10. HP: 81/98 MP: 15/15
  5466 | D:7      | Found a bloodstained altar of Trog.
  5671 | D:7      | Reached skill level 16 in Maces & Flails
  6020 | D:7      | Found a blossoming altar of Fedhas.
  6064 | D:8      | Noticed glosham's ghost (experienced VSHe)
  6283 | D:8      | Identified a +0 rod of clouds (9/9) (You found it on level 8 of the Dungeon)
  6365 | D:8      | Killed glosham's ghost
  6365 | D:8      | Reached skill level 7 in Fighting
  6532 | D:8      | Reached skill level 8 in Fighting
  6541 | D:8      | Found a stormy altar of Qazlal.
  6587 | D:8      | Reached skill level 17 in Maces & Flails
  6684 | D:8      | Found a staircase to the Lair.
  6915 | Lair:1   | Entered Level 1 of the Lair of Beasts
  6950 | Lair:1   | Reached skill level 9 in Fighting
  6972 | Lair:1   | Reached XP level 11. HP: 90/115 MP: 17/17
  7067 | Lair:1   | Reached skill level 10 in Fighting
  7333 | Lair:1   | Reached skill level 18 in Maces & Flails
  7361 | Lair:1   | Noticed a six-headed hydra
  7389 | Lair:1   | Killed a six-headed hydra
  7705 | Lair:2   | Noticed an eight-headed hydra
  7713 | Lair:2   | Killed an eight-headed hydra
  7713 | Lair:2   | Reached skill level 11 in Fighting
  8005 | Lair:2   | Acquired the Shining One's third power
  8186 | Lair:2   | Reached skill level 19 in Maces & Flails
  8909 | Lair:3   | Found a staircase to the Snake Pit.
  8937 | Lair:3   | Noticed an eight-headed hydra
  8942 | Lair:3   | Killed an eight-headed hydra
  8942 | Lair:3   | Reached skill level 12 in Fighting
  8942 | Lair:3   | Reached XP level 12. HP: 132/132 MP: 18/18
  9268 | Lair:3   | Reached skill level 20 in Maces & Flails
  9330 | Lair:3   | Noticed a five-headed hydra
  9376 | Lair:2   | Reached skill level 2 in Dodging
  9539 | Lair:4   | Acquired the Shining One's fourth power
  9542 | Lair:4   | Reached skill level 3 in Dodging
  9793 | Lair:4   | Reached skill level 4 in Dodging
  9907 | Lair:4   | Found a staircase to the Swamp.
  9927 | Lair:4   | the staircase to the Swamp was a mimic.
 10064 | Lair:5   | You fall through a shaft for 2 floors!
 10100 | Lair:7   | Reached skill level 5 in Dodging
 10333 | Lair:6   | Reached skill level 6 in Dodging
 10362 | Lair:6   | Found a labyrinth entrance.
 10372 | Lab      | Entered a labyrinth
 10543 | Lab      | Reached skill level 7 in Dodging
 10609 | Lab      | Noticed a minotaur
 10616 | Lab      | Killed a minotaur
 10622 | Lab      | HP: 7/133 [minotaur zombie (23)]
 10625 | Lab      | Slain by a minotaur zombie

Action                   |  1- 3 |  4- 6 |  7- 9 | 10-12 || total
-------------------------+-------+-------+-------+-------++-------
Melee: Whip              |   149 |       |       |       ||   149
       Unarmed           |    20 |       |       |       ||    20
       Hammer            |     3 |   110 |       |       ||   113
       Mace              |       |   105 |    47 |       ||   152
       Giant spiked club |       |       |   230 |   469 ||   699
Throw: Stone             |     6 |       |       |       ||     6
       Tomahawk          |       |     1 |     3 |     3 ||     7
       Throwing net      |       |       |       |     1 ||     1
Invok: Lesser Self-Heali |     2 |     5 |       |       ||     7
       Divine Shield     |       |       |       |     1 ||     1
 Abil: Evoke Berserk Rag |       |       |       |     3 ||     3
Evoke: Wand              |       |       |     3 |    13 ||    16
  Use: Scroll            |     7 |     3 |    16 |    16 ||    42
       Potion            |     2 |     4 |     1 |     2 ||     9
  Eat: Chunk             |     2 |     4 |    10 |    18 ||    34
       Fruit             |       |     1 |       |       ||     1
       Pizza             |       |       |       |     1 ||     1

Table legend:
 A = Turns spent in this place as a percentage of turns spent in the entire game.
 B = Non-inter-level travel turns spent in this place as a percentage of non-inter-level travel turns spent in the entire game.
 C = Inter-level travel turns spent in this place as a percentage of turns spent in this place.
 D = Turns resting spent in this place as a percentage of non-inter-level travel turns spent in this place.
 E = Turns spent auto-exploring this place as a percentage of non-inter-level travel turns spent in this place.
 F = Non-inter-level travel turns spent in this place divided by the number of levels of this place that you've seen.
                   A       B       C       D       E      F
               +-------+-------+-------+-------+-------+----------------------
         Total | 100.0 | 100.0 |   0.4 |   0.5 |   0.2 | 487.1
       Dungeon |  55.0 |  54.9 |   0.6 |   0.7 |   0.3 | 568.0
          Lair |  38.4 |  38.5 |   0.2 |   0.1 |   0.0 | 455.0
     Labyrinth |   3.1 |   3.1 |   0.0 |   0.0 |   0.0 | 259.0
       Ossuary |   3.5 |   3.5 |   0.0 |   2.1 |   0.0 | 292.0
               +-------+-------+-------+-------+-------+----------------------

Table legend:
 A = Kills in this place as a percentage of kills in entire the game.
 B = Kills by you in this place as a percentage of kills by you in the entire game.
 C = Kills by friends in this place as a percentage of kills by friends in the entire game.
 D = Other kills in this place as a percentage of other kills in the entire game.
 E = Experience gained in this place as a percentage of experience gained in the entire game.
 F = Experience gained in this place divided by the number of levels of this place that you have seen.
                   A       B       C       D       E      F
               +-------+-------+-------+-------+-------+----------------------
         Total | 100.0 | 100.0 |  -nan |  -nan | 100.0 | 1863.1
       Dungeon |  53.2 |  53.2 |  -nan |  -nan |  23.8 | 941.6
          Lair |  37.2 |  37.2 |  -nan |  -nan |  62.7 | 2836.0
     Labyrinth |   1.4 |   1.4 |  -nan |  -nan |  11.5 | 3628.0
       Ossuary |   8.2 |   8.2 |  -nan |  -nan |   2.1 | 659.0
               +-------+-------+-------+-------+-------+----------------------

Vault maps used:
D:1:      matt_arrival_los_fun
D:2:      uniq_crazy_yiuf_cottage
D:3:      lemuel_doored_altar, gammafunk_temple_overflow_statue,
          lemuel_tele_altar, uniq_iyjb
D:4:      first_bread, uniq_pikel
D:5:      nicolae_ossuary_entry_ruins
D:6:      minmay_temple_entry_trees, nicolae_qazlal_eye_of_the_storm,
          uniq_prince_ribbit1, uniq_natasha, uniq_grinder
D:7:      bloody_trog, fedhas_altar_1
D:8:      lemuel_round_altar, erik_lair_dragon
Lair:1:   serial_bayou_pond_b, beast_lair_carwin_2
Lair:3:   lemuel_ratsnest, dummy_snake_entry
Lair:4:   swamp_mist_pool, bh_autumn_forest_stairs, serial_bayou_shore_a
Lair:5:   gammafunk_lair_bear_cave, elwin_shoals_entry_stream
Lair:6:   lab_entry_generic, portal_ice_cave_entry_ice_beasts,
          serial_bayou_lagoon_a, st_stairs_9, zaba_antful_of_joy
Lair:7:   wad_woods_tower, st_stairs_13
Lab:      labyrinth_hidden_loot, lab_fountain, nicolae_lab_diamond,
          nicolae_lab_big_swirl, nicolae_lab_statue, labyrinth_skeletal_remains,
          nicolae_lab_grate, nicolae_lab_swirl, labyrinth_lava_lair,
          nicolae_lab_grate_2
Ossuary:  ossuary_zaba_flooded
